 Dungeon Crawl Stone Soup version 0.31-a0-692-gf03d1854d5 (webtiles) character file.

Game seed: 13415888945614236650

244 qw the Shooter (level 6, -1/40 HPs)
             Began as a Gargoyle Hunter on Sept 6, 2023.
             Slain by Edmund
             ... wielding a +1 flail of protection
              (2 damage)
             ... on level 3 of the Dungeon.
             The game lasted 00:00:45 (2100 turns).

qw the Shooter (Gargoyle Hunter)                    Turns: 2100, Time: 00:00:46

Health: -1/40      AC: 11    Str: 14    XL:     6   Next: 10%
Magic:  6/6        EV: 12    Int: 10    God:
Gold:   145        SH:  0    Dex: 15    Spells: 5/5 levels left

rFire   + . .        Y - +0 shortbow
rCold   + . .        (shield currently unavailable)
rNeg    + . .        c - +1 robe {rC+ rF+}
rPois   inf          (no helmet)
rElec   +            (no cloak)
rCorr   .            (no gloves)
SInv    +            (no boots)
Will    .....        (no amulet)
Stlth   ++           d - ring of see invisible
HPRegen 0.26/turn    a - +4 ring of protection
MPRegen 0.10/turn

%: no passive effects
@: about to teleport
A: sickness immunity, AC +4, negative energy resistance 1, electricity
resistance, torment resistance 1, petrification resistance
a: no special abilities


You were on level 3 of the Dungeon.
You visited 1 branch of the dungeon, and saw 4 of its levels.

You collected 145 gold pieces.


Innate Abilities, Weirdness & Mutations

You are immune to sickness and miasma.
Your stone body is resilient. (AC +4)
You are immune to poison.
You resist negative energy. (rN+)
You are resistant to electric shocks. (rElec)
You are resistant to unholy torment.
You are immune to petrification.


   Skills:
 - Level 5.1 Fighting
 + Level 5.4 Ranged Weapons
 - Level 1.4 Armour
 - Level 1.5 Dodging
 - Level 1.1 Stealth


You had 5 spell levels left.
You didn't know any spells.
Your spell library was empty.

Inventory:

Hand Weapons
 Y - a +0 shortbow (weapon)
Armour
 c - a +1 robe of resistance (worn)
 l - a +1 ring mail of fire resistance
Jewellery
 a - a +4 ring of protection (right hand)
 d - a ring of see invisible (left hand)
Scrolls
 k - a scroll of identify
Potions
 e - a potion of mutation
 g - a potion of heal wounds {unknown}
 h - a potion of enlightenment
 i - a potion of attraction {unknown}
 m - a potion of curing {unknown}

Dungeon Overview and Level Annotations

Branches:
Dungeon (4/15)
 Temple: D:4-7

Altars:

Shops:
D:1 *

Annotations:
D:1 2 transporters
D:3 Edmund


Message History

Edmund barely misses you.
You shoot an arrow. The arrow hits Edmund.
Edmund is lightly wounded.
Edmund says, "People think my brother is the best.
I think he's crazy."
Edmund hits you with a +1 flail of protection.
You shoot an arrow.
The arrow hits Edmund but does no damage.
Edmund is lightly wounded.
An ogre comes into view. It is wielding a +0 giant club.
Edmund hits you with a +1 flail of protection!
2092 ||| STAIRDANCE Edmund hits you with a +1 flail of protection.
You climb upwards.
There is a stone staircase leading down here.
You shoot an arrow.
The arrow hits Edmund but does no damage.
Edmund is lightly wounded.
Edmund hits you with a +1 flail of protection.
You shoot an arrow. The arrow hits Edmund.
Edmund is moderately wounded.
Edmund hits you with a +1 flail of protection!
2096 ||| READING 2 scrolls of teleportation.
As you read the scroll of teleportation, it crumbles to dust.
You feel strangely unstable.
Edmund hits you with a +1 flail of protection!
You shoot an arrow. The arrow hits Edmund.
Edmund is moderately wounded.
Edmund barely misses you.
You shoot an arrow.
The arrow hits Edmund but does no damage.
Edmund is moderately wounded.
Your surroundings seem slightly different.
2099 ||| READING scroll of teleportation.
As you read the scroll of teleportation, it crumbles to dust.
You feel strangely unstable. Edmund hits you but does no damage.
You shoot an arrow. The arrow closely misses Edmund.
Edmund hits you with a +1 flail of protection. x2
You die...
Edmund says, "That'll show my brother!"

#####..#..##.#.....##.##........#
#..#..##.#.....##...........#
#..#..##.......#####.####...#
#..............# #.# #...#
#.....###......# #.# #....
##...........#######.#####..#
#.#.####.##.# #.......%..[.#
#.#.# #.##.# #.###.#####..# #
##.#.# #.##@###.###.# #..# #
##....####.##@.....##.#####..# #
#............ยค###.............
####......)(..#.........#########
..........#.####<######.#
###.#...#.#.# #.# #.#### #
#.##.##.#)## #.# #....# ## #
#.##.#.....###.# #....# #. #
#..............# ##...# #.


You could see Edmund.

Vanquished Creatures
  Sigmund (D:3)
  3 adders
  A worm (D:3)
  4 orcs (D:3)
  6 bats
  5 endoplasms
  3 giant cockroaches
  5 goblins
  5 hobgoblins
  4 quokkas
  4 ball pythons
  3 frilled lizards
  2 kobolds (D:2)
  6 rats
52 creatures vanquished.

Notes
Turn   | Place    | Note
-------+----------+-------------------------------------------
     0 | D:1      | qw the Gargoyle Hunter began the quest for the Orb.
     0 | D:1      | Reached XP level 1. HP: 12/12 MP: 1/1
     0 | D:1      | 0 ||| qw: Version: 0.3-a-76-g4403597
     0 | D:1      | 0 ||| qw: Game counter: 80
     0 | D:1      | 0 ||| qw: Melee chars always use a shield: true
     0 | D:1      | 0 ||| qw: God list: Okawaru
     0 | D:1      | 0 ||| qw: Allow faded altars: false
     0 | D:1      | 0 ||| qw: Do Orc after clearing Dungeon:15 true
     0 | D:1      | 0 ||| qw: Do second Lair branch before Depths: true
     0 | D:1      | 0 ||| qw: Lair rune preference: random
     0 | D:1      | 0 ||| qw: Goals: Normal
     0 | D:1      | 0 ||| PLANNING D:1-11
    58 | D:1      | Reached XP level 2. HP: 17/17 MP: 2/2
    78 | D:1      | Found a transporter.
    80 | D:1      | Found Diasot's General Store.
   149 | D:1      | Found a transporter.
   593 | D:1      | 593 ||| UPGRADING to +0 ring mail.
   603 | D:1      | 603 ||| DROPPING +0 leather armour.
   604 | D:1      | 604 ||| UPGRADING to ring of see invisible.
   605 | D:1      | 605 ||| READING scroll labelled DAOROO FYNTEL.
   606 | D:1      | 606 ||| DRINKING 2 lumpy emerald potions.
   607 | D:1      | 607 ||| DROPPING scroll of butterflies.
   727 | D:2      | Reached skill level 1 in Armour
   727 | D:2      | Reached XP level 3. HP: 21/21 MP: 3/3
  1336 | D:2      | 1336 ||| UPGRADING to +4 ring of protection.
  1337 | D:2      | 1337 ||| READING 2 scrolls labelled HUQOPTETEMM.
  1340 | D:2      | 1340 ||| READING scroll labelled JIMOOTT APLOQ.
  1378 | D:3      | Noticed Sigmund
  1394 | D:3      | Killed Sigmund
  1395 | D:3      | Reached XP level 4. HP: 15/31 MP: 4/4
  1395 | D:3      | Reached XP level 5. HP: 17/35 MP: 5/5
  1587 | D:3      | Reached XP level 6. HP: 40/40 MP: 6/6
  2038 | D:3      | 2038 ||| UPGRADING to +1 robe of resistance.
  2048 | D:3      | 2048 ||| DROPPING +0 ring mail.
  2049 | D:3      | 2049 ||| DROPPING +2 robe of positive energy.
  2050 | D:3      | 2050 ||| READING 3 scrolls labelled ZOWUICE KENNUTZUL.
  2051 | D:3      | 2051 ||| READING scroll labelled NAGGYIXZARHE.
  2052 | D:3      | 2052 ||| READING 2 scrolls of identify.
  2052 | D:3      | 2052 ||| IDENTIFYING fizzy orange potion
  2087 | D:4      | Noticed Edmund
  2092 | D:4      | 2092 ||| STAIRDANCE
  2095 | D:3      | HP: 8/40 [Edmund/+1 flail of protection (7)]
  2096 | D:3      | 2096 ||| READING 2 scrolls of teleportation.
  2096 | D:3      | HP: 1/40 [Edmund/+1 flail of protection (7)]
  2099 | D:3      | 2099 ||| READING scroll of teleportation.
  2100 | D:3      | Slain by Edmund

Levels and vault maps discovered:
D:1:      saegor_arrival_simple_a, layout_loops_ring, serial_shops,
          nicolae_shop_drivethru
D:2:      layout_loops_cross
D:3:      layout_loops_ring, uniq_sigmund
D:4:      layout_rooms, lemuel_doored_altar, minmay_temple_entry_trees,
          amcnicky_mini_rare_corridor_liquid, grunt_decor_arrowhead, uniq_edmund

Skill      XL: |  1  2  3 |
---------------+----------+-----
Armour         | 1 |  1.4
Ranged Weapons | 5 |  5.4
Fighting       | 5 |  5.1
Dodging        | |  1.5
Stealth        | |  1.1

Action                     |  1- 3 |  4- 6 || total
---------------------------+-------+-------++-------
   Fire: Shortbow          |   124 |    53 ||   177
    Use: Scroll            |     3 |     5 ||     8
         Potion            |     1 |       ||     1
 Armour: Leather armour    |     6 |       ||     6
         Ring mail         |    24 |    15 ||    39
         Robe              |       |    10 ||    10
  Dodge: Dodged            |    44 |    14 ||    58

Table legend:
 A = Non-vault XP
 B = Vault XP
 C = Vault XP percentage of total XP
 D = Non-vault monster count
 E = Vault monster count
 F = Vault count percentage of total count
                 A         B        C        D         E       F
            +---------+---------+-------+---------+---------+-------
      Total |     123 |     226 |  64.8 |      51 |       1 |   1.9
            +---------+---------+-------+---------+---------+-------
        D:1 |      26 |       0 |   0.0 |      16 |       0 |   0.0
        D:2 |      53 |       0 |   0.0 |      19 |       0 |   0.0
        D:3 |      44 |     226 |  83.7 |      16 |       1 |   5.9
            +---------+---------+-------+---------+---------+-------
